 Dungeon Crawl Stone Soup version 0.18-a0-1577-gf591c28 (webtiles) character file.

27255 namelastname112 the Spear-Bearer (level 13, -1/111 HPs)
             Began as a Black Draconian Gladiator on Mar 19, 2016.
             Was a Priest of the Shining One.
             Slain by a yak (8 damage)
             ... on level 3 of the Lair of Beasts.
             The game lasted 00:34:04 (19511 turns).

namelastname112 the Spear-Bearer (DrGl)            Turns: 19511, Time: 00:34:04

Health: -1/111     AC:  9    Str: 17    XL:     13   Next: 3%
Magic:  20/20      EV: 25    Int: 10    God:    the Shining One [***...]
Gold:   829        SH: 22    Dex: 25    Spells: 1 memorised, 19 levels left

rFire  . . .     SeeInvis .     a - +1 trident
rCold  + . .     Gourm    .     (armour unavailable)
rNeg   + . .     Faith    .     w - +0 shield
rPois  +         Spirit   .     b - +0 hat
rElec  +         Dismiss  .     (no cloak)
rCorr  .         Reflect  .     N - +0 pair of gloves
SustAt .         Harm     .     (no boots)
MR     +....                    (no amulet)
Stlth  ++........               m - ring "Izur" {+Blink rPois MR+ Dex+4 Slay+6}
                                E - ring of protection from cold

@: agile, divine shield, glowing, somewhat resistant to hostile enchantments,
unstealthy
A: breathe lightning, unfitting armour, electricity resistance, evolution 1,
cold-blooded, AC +8
a: Breathe Lightning, Divine Shield, Renounce Religion, Evoke Blink


You were on level 3 of the Lair of Beasts.
You worshipped the Shining One.
The Shining One was most pleased with you.
You were hungry.

You visited 2 branches of the dungeon, and saw 16 of its levels.
You also visited: Labyrinth and Ice Cave.

You collected 997 gold pieces.
You spent 168 gold pieces at shops.

Inventory:

Hand Weapons
 a - a +1 trident (weapon)
 A - the +11 rapier "Oteang" {pierce, rElec Int+3}
   (You found it on level 10 of the Dungeon)

   It inflicts extra damage upon your enemies.
   It affects your intelligence (+3).
   It insulates you from electricity.
 D - a +1 dagger of electrocution
 J - a +2 glaive of protection
 K - a +2 trident of piercing
Missiles
 c - 4 throwing nets (quivered)
Armour
 b - a +0 hat (worn)
 o - a +1 buckler
 w - a +0 shield (worn)
 N - a +0 pair of gloves (worn)
Rods
 F - a +5 iron rod (11/11)
   (You found it in a labyrinth)
 G - a +4 rod of inaccuracy (12/12)
   (You found it in a labyrinth)
Jewellery
 m - the ring "Izur" (right hand) {+Blink rPois MR+ Dex+4 Slay+6}
   (You took it off a minotaur in a labyrinth)

   [ring of protection from magic]

   It affects your dexterity (+4).
   It affects your accuracy and damage with ranged weapons and melee attacks
   (+6).
   It protects you from poison.
   It affects your resistance to hostile enchantments.
   It lets you blink.
 y - an uncursed ring of protection from magic
 E - a ring of protection from cold (left hand)
Wands
 f - a wand of paralysis (18/24)
 i - a wand of confusion (10/48)
 t - a wand of confusion (18/48)
 C - a wand of flame (16/48)
 M - a wand of iceblast (9/15)
 Q - a wand of lightning (7/15)
Scrolls
 k - 2 scrolls of immolation
 q - 5 scrolls of remove curse
 s - 4 scrolls of enchant weapon
 u - a scroll of amnesia
 T - a scroll of recharging
Potions
 e - a potion of degeneration
 g - 2 potions of brilliance
 h - 3 potions of agility
 j - 2 potions of flight
 p - 2 potions of mutation
 r - 8 potions of might
 x - 2 potions of ambrosia
 B - 4 potions of resistance
 R - 2 potions of magic
Books
 l - a book of Air

   Spells                             Type                      Level
   a - Shock                          Conjuration/Air              1
   b - Swiftness                      Charms/Air                   2
   c - Repel Missiles                 Charms/Air                   2
   d - Static Discharge               Conjuration/Air              3
   e - Lightning Bolt                 Conjuration/Air              5
Comestibles
 d - 10 bread rations
 n - 3 meat rations
 z - 13 fruits
 P - 8 slices of pizza


   Skills:
 + Level 9.5 Fighting
 * Level 12.7 Polearms
 - Level 1.7 Throwing
 + Level 8.3 Dodging
 + Level 8.5 Shields
 + Level 4.7 Spellcasting
 + Level 6.2 Air Magic
 + Level 9.1 Invocations


You had 19 spell levels left.
You knew the following spells:

 Your Spells              Type           Power        Failure   Level  Hunger
a - Repel Missiles        Chrm/Air       #.....       24%         2    ##.....


Dungeon Overview and Level Annotations

Branches:
Dungeon (13/15)            Temple (0/1) D:5            Lair (3/8) D:9
    Orc (0/2) D:10
  Swamp: Lair:3-6    Shoals: Lair:3-6     Snake: Lair:3-6    Spider: Lair:3-6
 Vaults: D:13-14

Altars:
Elyvilon
Makhleb
Okawaru
Pakellas
Qazlal
Vehumet
Xom
Yredelemnul
The Shining One

Shops:
D:5 *


Innate Abilities, Weirdness & Mutations

You can breathe wild blasts of lightning.
Your glossy black scales are hard (AC +8).
Your body does not fit into most forms of armour.
You are resistant to electric shocks.
You are cold-blooded and may be slowed by cold attacks.
You evolve.


Message History

Unknown command.
Unknown command.
You feel less invigorated.
You feel less confused. You block the komodo dragon's attack.
The yak gores you.
* * * LOW HITPOINT WARNING * * *
The yak completely misses you.
Drink which item? (? for menu, Esc to quit)
Okay, then.
Unknown command.
Throwing (i - inventory):
c - 5 throwing nets (quivered)
Press: ? - help, Shift-Dir - straight line, f - komodo dragon
Aim: a komodo dragon (moderately wounded, haloed)
You throw a throwing net.
The throwing net hits the komodo dragon.
The komodo dragon is caught in the net!
The komodo dragon is moderately wounded.
The komodo dragon struggles against the net.
The yak gores you!
You die...

... ..... ... #.....
###.. #...... ....
#.......
#..###...F..$. ##
#..P#.#...P#.... ..#
###.§.F.....#....
P..##....YlY.....#...
.......#.#@P#...... .#
.>....Fl#####...P.....
....#.Y#.##...#.##....
. #...###........##
##.Y##..#..†#...#
##.###...††...##
#...###.|#.....#
##...##........##
#..............##


You could see a komodo dragon (caught), 2 yaks and 2 blink frogs.

Vanquished Creatures
  A white draconian (IceCv)
  A minotaur (Lab)
  A hydra (Lair:1)
  Harold (D:11)
  The ghost of kak the Arsonist, a journeyman OpFE of Vehumet (D:11)
  A queen ant (Lair:1)
  2 hill giants (D:11)
  Pikel (D:6)
  A manticore (D:12)
  A griffon (Lair:2)
  A cyclops (D:11)
  An ice statue (IceCv)
  2 gargoyles
  4 spiny frogs
  Joseph (D:8)
  A centaur skeleton (D:12)
  4 trolls
  15 polar bears (IceCv)
  A two-headed ogre (D:9)
  3 hippogriffs
  2 basilisks
  23 yaks
  Menkaure (D:7)
  8 soldier ants (Lair:1)
  2 water moccasins
  A porcupine (Lair:1)
  Purgy (D:3)
  8 orc warriors
  2 slaves (D:6)
  A black bear (D:9)
  4 ice beasts (D:13)
  3 phantoms
  4 sky beasts
  8 centaurs
  5 ogres
  A necrophage (D:9)
  9 wolves (IceCv)
  A crocodile (Lair:1)
  A big kobold (D:7)
  8 giant frogs
  A gnoll sergeant (D:10)
  13 killer bees
  4 scorpions
  5 wights
  An electric eel (Lair:2)
  8 crimson imps
  2 giant frog zombies
  A quasit (D:10)
  A centaur zombie (D:6)
  13 orc priests
  9 hounds
  15 orc wizards
  2 jellies
  A giant frog skeleton (D:8)
  3 iron imps (D:4)
  9 iguanas
  Terence (D:3)
  31 worker ants
  A worker ant zombie (D:7)
  A howler monkey skeleton (D:5)
  12 adders
  8 gnolls
  8 river rats (Lair:2)
  2 shadow imps
  An ooze (D:4)
  An adder zombie (D:12)
  A worm (D:2)
  3 dart slugs
  8 giant geckos
  42 orcs
  9 giant cockroaches
  13 goblins
  8 hobgoblins
  16 jackals
  8 quokkas
  A ball python skeleton (D:4)
  6 bats
  6 giant newts
  10 kobolds
  2 quokka skeletons
  9 rats
  2 plants (Lair:1)
435 creatures vanquished.

Vanquished Creatures (others)
  A hippogriff (D:7)
  A giant gecko (D:3)
2 creatures vanquished.

Grand Total: 437 creatures vanquished

Notes
Turn   | Place    | Note
--------------------------------------------------------------
     0 | D:1      | namelastname112 the Draconian Gladiator began the quest for the Orb.
     0 | D:1      | Reached XP level 1. HP: 17/17 MP: 1/1
   184 | D:1      | Reached XP level 2. HP: 24/24 MP: 2/2
   600 | D:2      | Ratboiler: dr must be your favourite race ever ;)
   604 | D:2      | namelastname112: well
   604 | D:2      | namelastname112: yes
   701 | D:2      | Reached XP level 3. HP: 26/30 MP: 3/3
   782 | D:2      | Reached skill level 4 in Polearms
  1541 | D:3      | Reached XP level 4. HP: 19/37 MP: 4/4
  1834 | D:3      | Found a glowing golden altar of the Shining One.
  1845 | D:3      | Found a basalt altar of Yredelemnul.
  1875 | D:3      | Noticed Terence
  1884 | D:3      | Killed Terence
  1884 | D:3      | Reached skill level 1 in Shields
  1920 | D:3      | Noticed an angel
  1925 | D:3      | Became a worshipper of the Shining One
  2169 | D:3      | Found an iron altar of Okawaru.
  2408 | D:3      | Noticed Purgy
  2424 | D:3      | Killed Purgy
  2424 | D:3      | Reached skill level 5 in Polearms
  2424 | D:3      | Reached skill level 1 in Invocations
  2424 | D:3      | Reached XP level 5. HP: 22/45 MP: 5/5
  2962 | D:4      | Reached XP level 6. HP: 21/51 MP: 7/7
  3406 | D:4      | Reached * piety under the Shining One
  3407 | D:4      | Found a burning altar of Makhleb.
  3605 | D:5      | Entered Level 5 of the Dungeon
  3729 | D:5      | Found a staircase to the Ecumenical Temple.
  3763 | D:5      | Your scales start taking on a glossy black colour.
  3763 | D:5      | Reached XP level 7. HP: 58/58 MP: 8/8
  3763 | D:5      | Gained mutation: You are resistant to electric shocks. [Black Draconian growth]
  3824 | D:5      | Reached skill level 6 in Polearms
  3953 | D:5      | Found Utahuat's Assorted Antiques.
  3961 | D:5      | Bought a scroll labeled REAREOFANO for 24 gold pieces
  3961 | D:5      | Bought a diamond ring for 120 gold pieces
  3961 | D:5      | Bought a scroll labeled TUM OGOM ACW for 24 gold pieces
  4536 | D:5      | Reached ** piety under the Shining One
  4691 | D:5      | Reached XP level 8. HP: 62/67 MP: 10/10
  5065 | D:6      | Reached skill level 7 in Polearms
  5072 | D:6      | Noticed Pikel
  5093 | D:6      | Killed Pikel
  5093 | D:6      | Reached skill level 5 in Fighting
  5093 | D:6      | Reached skill level 5 in Dodging
  5412 | D:7      | Noticed Menkaure
  5417 | D:7      | Killed Menkaure
  5536 | D:7      | Reached skill level 8 in Polearms
  5536 | D:7      | Reached XP level 9. HP: 21/74 MP: 12/12
  6273 | D:7      | Reached skill level 5 in Invocations
  6437 | D:7      | Reached *** piety under the Shining One
  6454 | D:7      | Found a shimmering altar of Xom.
  6874 | D:7      | Reached skill level 5 in Shields
  7011 | D:7      | Found an oddly glowing altar of Pakellas.
  7011 | D:7      | Noticed an orange crystal statue
  7109 | D:7      | Reached skill level 9 in Polearms
  7347 | D:8      | Found a white marble altar of Elyvilon.
  7444 | D:8      | Noticed Joseph
  7759 | D:8      | Found a stormy altar of Qazlal.
  7933 | D:9      | Noticed a troll
  7938 | D:9      | Found a staircase to the Lair.
  8285 | D:8      | Killed Joseph
  8650 | D:8      | Found a radiant altar of Vehumet.
  8910 | D:9      | Reached XP level 10. HP: 35/84 MP: 14/14
  9314 | D:9      | Noticed a gargoyle
  9334 | D:9      | Killed a gargoyle
 10111 | D:10     | Entered Level 10 of the Dungeon
 10592 | D:10     | Reached skill level 10 in Polearms
 10863 | D:10     | Learned a level 2 spell: Repel Missiles
 10991 | D:10     | Reached **** piety under the Shining One
 11101 | D:10     | Found a staircase to the Orcish Mines.
 11276 | D:10     | Got a jewelled rapier
 11277 | D:10     | Identified the +11 rapier "Oteang" {pierce, rElec Int+3} (You found it on level 10 of the Dungeon)
 11370 | D:11     | Reached skill level 1 in Air Magic
 11512 | D:11     | Noticed Harold
 11538 | D:11     | Killed Harold
 11538 | D:11     | Reached skill level 1 in Spellcasting
 11539 | D:11     | Found a labyrinth entrance.
 11548 | Lab      | Entered a labyrinth
 11910 | Lab      | Noticed a minotaur
 11947 | Lab      | Was placed under penance by the Shining One
 11950 | Lab      | Killed a minotaur
 11950 | Lab      | Reached XP level 11. HP: 46/93 MP: 13/16
 11952 | Lab      | Got a translucent marble ring
 12139 | D:11     | Identified a +4 rod of inaccuracy (12/12) (You found it in a labyrinth)
 12141 | D:11     | Identified the ring "Izur" {+Blink rPois MR+ Dex+4 Slay+6} (You took it off a minotaur in a labyrinth)
 12284 | D:11     | Noticed a hill giant
 12294 | D:11     | Killed a hill giant
 12304 | D:11     | Noticed a hill giant
 12312 | D:11     | Noticed kak's ghost (journeyman OpFE)
 12483 | D:11     | Killed kak's ghost
 13457 | D:11     | Killed a hill giant
 13457 | D:11     | Reached skill level 11 in Polearms
 13626 | D:12     | epen: чё чёрные парни умеют делать*
 13641 | D:12     | epen: ?*
 13790 | D:12     | namelastname112: ну
 13790 | D:12     | namelastname112: молнией рыгать
 13790 | D:12     | namelastname112: и крылья потом отращивают
 14139 | D:12     | Was forgiven by the Shining One
 15316 | D:13     | Noticed an orc knight
 15651 | Lair:1   | Entered Level 1 of the Lair of Beasts
 15741 | Lair:1   | Reached XP level 12. HP: 103/103 MP: 18/18
 15945 | Lair:1   | Noticed a queen ant
 15963 | Lair:1   | Killed a queen ant
 15963 | Lair:1   | Reached skill level 5 in Air Magic
 15976 | Lair:1   | HP: 5/104 [poisoned by a queen ant]
 16125 | Lair:1   | Noticed a five-headed hydra
 16285 | Lair:1   | Killed a five-headed hydra
 16488 | Lair:1   | Reached skill level 12 in Polearms
 16492 | Lair:1   | Gained mutation: Your tail ends in a poisonous barb. [potion of beneficial mutation]
 16493 | Lair:1   | Gained mutation: You evolve. [potion of beneficial mutation]
 17340 | Lair:2   | Lost mutation: Your tail ends in a poisonous barb. [evolution]
 17601 | Lair:3   | Found a frozen archway.
 17655 | IceCv    | Entered an ice cave
 18863 | IceCv    | Noticed a white draconian
 18907 | IceCv    | Killed a white draconian
 18907 | IceCv    | Reached XP level 13. HP: 52/111 MP: 16/20
 19204 | IceCv    | Got a warped halberd
 19211 | IceCv    | Identified the +2 halberd of Infection {drain, +Rage MR+ Str+2} (You found it in an ice cave)
 19497 | Lair:3   | HP: 5/111 [blink frog (7)]
 19509 | Lair:3   | HP: 5/111 [komodo dragon (6)]
 19511 | Lair:3   | Slain by a yak

Vault maps used:
D:1:      roderic_octagonal_star, minmay_misc_feat_tiny, st_stairs_9,
          minmay_strange_pillars
D:2:      hex_large, guppyfry_early_orc_mine
D:3:      okawaru_ov_weapons_minmay, grunt_temple_overflow_holy_war,
          uniq_terence, uniq_purgy
D:4:      demons_altar, first_bread
D:5:      minmay_temple_entry_grid, serial_shops, shop_statue, item_on_display_a
D:6:      lightli_corner_chamber, uniq_pikel
D:7:      gammafunk_pakellas_statue_experiment, old_standard_altar,
          serial_corexii_hall, corexii_hall_statues_i, corexii_hall_statues_x,
          uniq_menkaure
D:8:      kennysheep_mini_moat, elyvilon_altar_1, basic_altar, uniq_joseph
D:9:      lair_0_dummy
D:10:     orc_0_dummy
D:11:     lab_entry_generic, uniq_harold
D:12:     grunt_pizzeria
D:13:     basic_altar
Lair:1:   wad_woods_minihive, zaba_antful_of_joy
Lair:2:   nicolae_quartered_pool_super, lemuel_fruit_tree
Lair:3:   portal_ice_cave_entry_pillars_01
Lab:      labyrinth_mini_lab, labyrinth_skeletal_remains
IceCv:    ice_cave_small_giant

Skill      XL: |  1  2  3  4  5  6  7  8  9 10 11 12 |
---------------+-------------------------------------+-----
Polearms       | 4 5 6 8 9 10 11 12 | 12.7
Dodging        | 3 4 5 6 7 8 |  8.3
Shields        | 1 2 3 4 5 6 7 8 |  8.5
Fighting       | 3 4 5 6 7 8 9 |  9.5
Invocations    | 1 2 3 4 5 7 8 9 |  9.1
Air Magic      | 2 4 6 |  6.2
Spellcasting   | 1 3 4 |  4.7
Throwing       | |  1.7

Action                   |  1- 3 |  4- 6 |  7- 9 | 10-12 | 13-15 || total
-------------------------+-------+-------+-------+-------+-------++-------
Melee: Trident           |   128 |   180 |   452 |   812 |    26 ||  1598
       Dagger            |       |       |    16 |       |       ||    16
       Rapier            |       |       |       |    42 |       ||    42
       Unarmed           |       |       |       |    15 |       ||    15
       Glaive            |       |       |       |    11 |       ||    11
Throw: Throwing net      |       |       |     5 |     4 |     1 ||    10
 Cast: Repel Missiles    |       |       |       |     1 |       ||     1
Invok: Divine Shield     |       |       |     2 |     4 |     1 ||     7
       Cleansing Flame   |       |       |       |     1 |       ||     1
 Abil: Breathe Lightning |       |       |    10 |    17 |       ||    27
  Use: Potion            |       |     1 |     5 |    12 |     3 ||    21
       Scroll            |       |       |    10 |    14 |     1 ||    25
 Stab: Sleeping          |     2 |       |       |       |       ||     2
       Held in net/web   |       |       |       |     6 |       ||     6
       Distracted        |       |       |       |     2 |       ||     2
  Eat: Chunk             |     2 |     7 |    15 |    18 |     2 ||    44
       Beef jerky        |       |       |     1 |     1 |       ||     2
       Royal jelly       |       |       |     1 |       |       ||     1
       Meat ration       |       |       |       |     3 |       ||     3
       Fruit             |       |       |       |     2 |       ||     2
